 Dungeon Crawl Stone Soup version 0.17.1-2-g5865329 (webtiles) character file.

557 Peloso the Shield-Bearer (level 7, 0/61 HPs)
             Began as a Minotaur Fighter on Jan 24, 2016.
             Slain by an ogre
             ... wielding a +0 giant club
              (12 damage)
             ... on level 4 of the Dungeon.
             The game lasted 00:07:49 (3175 turns).

Peloso the Shield-Bearer (Minotaur Fighter)         Turns: 3175, Time: 00:07:49

Health: 0/61       AC:  9    Str: 21    XL:     7   Next: 9%
Magic:  6/6        EV:  9    Int:  5    God:
Gold:   246        SH: 10    Dex: 11    Spells: 0 memorised, 6 levels left

rFire  + . .     SeeInvis .     a - +0 long sword
rCold  . . .     Clarity  .     b - +0 scale mail
rNeg   . . .     SustAt   .     c - +0 shield
rPois  .         Gourm    .     (helmet restricted)
rElec  .         Spirit   .     k - +0 cloak (curse)
rCorr  .         Warding  .     (no gloves)
rMut   .         Stasis   .     o - +0 pair of boots
MR     .....                    (no amulet)
Stlth  ..........               (no ring)
                                y - ring of protection from fire

@: not resistant to hostile enchantments, extremely unstealthy
A: retaliatory headbutt, horns 2
a: no special abilities


You were on level 4 of the Dungeon.
You were not hungry.

You visited 1 branch of the dungeon, and saw 4 of its levels.

You collected 246 gold pieces.

Inventory:

Hand Weapons
 a - a +0 long sword (weapon)
Armour
 b - a +0 scale mail (worn)
 c - a +0 shield (worn)
 k - a cursed +0 cloak (worn)
 o - a +0 pair of boots (worn)
Jewellery
 y - a ring of protection from fire (left hand)
Scrolls
 f - 2 scrolls of remove curse {unknown}
 h - 4 scrolls of identify {unknown}
 i - 3 scrolls of random uselessness {unknown}
 l - 3 scrolls of recharging {unknown}
 s - 2 scrolls of fear {unknown}
 t - a scroll of fog {unknown}
 v - a scroll of immolation {unknown}
 w - 2 scrolls of teleportation {unknown}
Potions
 d - 2 potions of might
 g - a potion of heal wounds {unknown}
 p - 2 potions of curing {unknown}
 q - a potion of agility {unknown}
 x - a potion of ambrosia {unknown}
Books
 u - a book of Necromancy

   Spells                             Type                      Level
   a - Pain                           Necromancy                   1
   b - Animate Skeleton               Necromancy                   1
   c - Vampiric Draining              Necromancy                   3
   d - Regeneration                   Charms/Necromancy            3
   e - Animate Dead                   Necromancy                   4
   f - Control Undead                 Necromancy                   4
Comestibles
 e - 3 bread rations
 j - 2 beef jerkies
 m - 2 slices of pizza
 n - 3 meat rations
 r - 4 fruits


   Skills:
 + Level 5.3 Fighting
 + Level 4.5 Long Blades
 + Level 5.4 Armour
 + Level 3.1 Dodging
 + Level 5.8 Shields


You had 6 spell levels left.
You didn't know any spells.

Dungeon Overview and Level Annotations

Branches:
Dungeon (4/15)
 Temple: D:4-7

Altars:
Cheibriados
Dithmenos
Elyvilon
Gozag
Makhleb
Vehumet
Yredelemnul
The Shining One

Shops:
D:4 :


Innate Abilities, Weirdness & Mutations

You reflexively headbutt those who attack you in melee.
You have a pair of horns on your head.


Message History

You block the quokka's attack. The ogre barely misses you.
The quokka bites you but does no damage.
You barely miss the ogre.
The ogre is lightly wounded.
The quokka closely misses you. You block the ogre's attack.
You hit the ogre.
The ogre is moderately wounded.
You block the quokka's attack. The ogre hits you with a giant club.
The quokka bites you.
You hit the ogre. You headbutt the ogre.
The ogre is severely wounded.
The quokka bites you but does no damage.
The ogre hits you with a giant club!!
* * * LOW HITPOINT WARNING * * *
The quokka bites you.
* * * LOW HITPOINT WARNING * * *
You hit the ogre.
The ogre is severely wounded.
You block the quokka's attack. The ogre hits you with a giant club!
You die...

...#....#....#.#..# #.#..........
####....#....#.##.# #............
.............#.#..# #..#..###..#.
####.........#.#..# #.....####'##
#.#...#####.#.## #......#.....
#.#####.....#.# ##....#...... #
#.# #.#####.## ##.....'.._..
####.# #. ###(.###..#.........
.....# #. . #.@...#.##..##.....
###### .# #.Or..#.#...##.#.##
###########.###.....#.#...#..#.#
.......#............#.#.........
.#..>...............#.##.........
.#.......##.##.######.###........
.#......<....#.#......# ###.#....
.#.............#.#########
.........#...#.#.##......#


You could see an ogre and a quokka.

Vanquished Creatures
  Sigmund (D:2)
  A phantom (D:4)
  A hound (D:4)
  3 crimson imps (D:4)
  7 adders
  A gnoll (D:3)
  2 oozes (D:3)
  2 worms
  11 orcs (D:3)
  10 bats
  5 giant cockroaches
  5 goblins
  8 hobgoblins
  4 jackals (D:4)
  5 kobolds
  2 quokkas (D:2)
  A giant gecko skeleton (D:4)
  2 goblin skeletons (D:4)
  2 goblin zombies (D:4)
  3 kobold skeletons (D:4)
  An orc skeleton (D:4)
  A quokka skeleton (D:4)
  10 rats
88 creatures vanquished.

Notes
Turn   | Place    | Note
--------------------------------------------------------------
     0 | D:1      | Peloso the Minotaur Fighter began the quest for the Orb.
     0 | D:1      | Reached XP level 1. HP: 19/19 MP: 0/0
   132 | D:1      | Reached XP level 2. HP: 27/27 MP: 1/1
   206 | D:1      | Reached skill level 4 in Shields
   251 | D:1      | Found a snail-covered altar of Cheibriados.
   699 | D:2      | Reached XP level 3. HP: 33/33 MP: 2/2
   877 | D:2      | Reached XP level 4. HP: 28/41 MP: 3/3
   974 | D:2      | Reached skill level 1 in Dodging
  1070 | D:2      | Noticed Sigmund
  1168 | D:2      | Killed Sigmund
  1168 | D:2      | Reached skill level 5 in Fighting
  1168 | D:2      | Reached skill level 5 in Shields
  1168 | D:2      | Reached XP level 5. HP: 34/48 MP: 4/4
  1487 | D:3      | Reached XP level 6. HP: 56/56 MP: 5/5
  1684 | D:3      | Found a faded altar to an unknown god.
  1790 | D:3      | Found a basalt altar of Yredelemnul.
  1913 | D:3      | Reached skill level 5 in Armour
  2037 | D:3      | Found a white marble altar of Elyvilon.
  2483 | D:4      | Found a shadowy altar of Dithmenos.
  2533 | D:4      | Found Wurekhal's Book Emporium.
  2839 | D:4      | Found a radiant altar of Vehumet.
  2840 | D:4      | Found a burning altar of Makhleb.
  2945 | D:4      | Reached XP level 7. HP: 61/61 MP: 6/6
  3043 | D:4      | Found a glowing golden altar of the Shining One.
  3119 | D:4      | Found an opulent altar of Gozag.
  3175 | D:4      | Slain by an ogre

Action                   |  1- 3 |  4- 6 |  7- 9 || total
-------------------------+-------+-------+-------++-------
Melee: Long sword        |    74 |   135 |    38 ||   247
  Eat: Chunk             |       |     6 |     2 ||     8
